 Dungeon Crawl Stone Soup version 0.28-a0-1152-g9c71ebef14 (webtiles) character file.

Game seed: 1846811670082961992

2 spaghetti the Sneak (level 1, -1/18 HPs)
             Began as a Mummy Delver on Dec 14, 2021.
             Slain by a white imp (2 damage)
             ... on level 8 of the Dungeon.
             The game lasted 00:00:36 (242 turns).

spaghetti the Sneak (Mummy Delver)                   Turns: 242, Time: 00:00:36

Health: -1/18      AC:  3    Str: 15    XL:     1   Next: 25%
Magic:  1/1        EV: 11    Int:  9    God:
Gold:   0          SH:  0    Dex: 13    Spells: 0/0 levels left

rFire   x . .      SeeInvis .   a - +0 falchion {long}
rCold   + . .      Faith    .   (no shield)
rNeg    + + +      Spirit   .   b - +0 leather armour
rPois   ∞          Reflect  .   (no helmet)
rElec   .          Harm     .   (no cloak)
rCorr   .          Rampage  .   (no gloves)
Will    .....                   (no boots)
Stlth   ++........              (no amulet)
HPRegen 0.06/turn               (no ring)
MPRegen 0.07/turn               (no ring)

@: no status effects
A: cold resistance 1, negative energy resistance 3, torment resistance 2, heat
vulnerability 1, no potions
a: no special abilities


You were on level 8 of the Dungeon.
You visited 1 branch of the dungeon, and saw 4 of its levels.


Innate Abilities, Weirdness & Mutations

You are immune to poison.
Your flesh is cold resistant. (rC+)
You are immune to negative energy. (rN+++)
You are immune to unholy pain and torment.
You are vulnerable to heat. (rF-)
You do not drink.


   Skills:
 + Level 3.1 Fighting
 - Level 1.5 Long Blades
 - Level 1.5 Dodging
 - Level 4.1 Stealth


You couldn't memorise any spells.
You didn't know any spells.
Your spell library was empty.

Inventory:

Hand Weapons
 a - a +0 falchion (weapon) {long}
Armour
 b - a +0 leather armour (worn)
Wands
 f - a wand of digging (3)
Scrolls
 c - a scroll of fog
 d - a scroll of magic mapping {!r}

Dungeon Overview and Level Annotations

Branches:
Dungeon (8/15)
 Temple: D:4-7         Lair: D:8-11

Altars:
Sif Muna

.. .### ....
# ..### ...
......
....#####...#
.......5...#
#......@...#
#......#####
#......
#......
#..#### #. #


You could see a white imp.


Message History

🤖 Initializing magus.rc ...
Options error: Delay interrupt name "hungry" not recognised. (~/.crawlrc:4771) ✅ Successfully initialized magus.rc [v1.9.6] Welcome, spaghetti the Mummy Delver.
Will you prevail where others failed? Will you find the Orb of Zot?
Press ? for a list of commands and other information.
Found a stone staircase leading down.
An orc comes into view. It is wielding a +0 hand axe.
The helpless orc fails to defend itself.
You hit the orc but do no damage. The orc closely misses you.
You hit the orc. The orc closely misses you.
You barely miss the orc. The orc hits you but does no damage.
You hit the orc but do no damage.
The orc hits you with a +0 hand axe. 😮 HP[-6]
You take 6 damage, and now have 12/18 hp.
MASSIVE DAMAGE!! (PAUSE)
You hit the orc.
You kill the orc!
Things that are here:
a +0 hand axe {axe}; a +0 ring mail; an orc corpse A water moccasin comes into view.
Found a shimmering blue altar of Sif Muna. 😎 HP[+6]
Your hp is fully restored (18).
Okay, then.
You can't drink.
As you read the scroll of fear, it crumbles to dust.
You assume a fearsome visage.
The water moccasin looks frightened!
Found a stone staircase leading up.
A bullfrog skeleton comes into view.
There is a stone staircase leading down here.
You climb downwards.
Found 11 gold pieces and 16 stones.
Found a stone staircase leading down and a stone staircase leading up.
There is a stone staircase leading up here.
Unknown command.
Unknown command.
There is a stone staircase leading down here.
You climb downwards.
Found a stone staircase leading up.
There is a stone staircase leading up here.
Unknown command.
e - a scroll labelled HIPNAOTWUC
As you read the scroll labelled HIPNAOTWUC, it crumbles to dust.
You feel strangely unstable.
It was a scroll of teleportation.
Unknown command.
Your surroundings seem slightly different.
Unknown command.
Found a stone staircase leading down.
There is a stone staircase leading down here. 3 gnolls come into view.
The gnoll shouts! x2; You hear a shout!
The gnoll moves out of view.
The gnoll shouts!
There is a stone staircase leading down here.
You climb downwards.
There is a stone staircase leading up here.
Unknown command.
Unknown command.
Unknown command.
The helpless white imp fails to defend itself.
You hit the white imp. The white imp closely misses you.
You completely miss the white imp.
The white imp hits you but does no damage.
You closely miss the white imp. The white imp hits you.
The white imp freezes you. You resist. 😕 HP[-3]
You take 3 damage, and now have 15/18 hp.
Unknown command.
Unknown command.
You barely miss the white imp.
The white imp hits you but does no damage.
You hit the white imp. The white imp hits you. The white imp freezes you.
You resist.
The white imp completely misses you. 😮 HP[-3]
You take 3 damage, and now have 12/18 hp.
You barely miss the white imp. The white imp hits you.
The white imp freezes you. You resist.
* * * LOW HITPOINT WARNING * * *
😨 HP[-3]
You take 3 damage, and now have 9/18 hp.
Unknown command.
You barely miss the white imp. The white imp hits you.
* * * LOW HITPOINT WARNING * * *
The white imp freezes you. You resist.
* * * LOW HITPOINT WARNING * * *
😱 HP[-6]
You take 6 damage, and now have 3/18 hp.
MASSIVE DAMAGE!! (PAUSE) Unknown command.
Unknown command.
You can't drink.
Okay, then.
You closely miss the white imp. The white imp hits you.
* * * LOW HITPOINT WARNING * * *
The white imp freezes you. You resist.
You die...

Action                   || total
-------------------------++-------
Melee: Falchion          ||    13
  Use: Scroll            ||     2
 Stab: Sleeping          ||     2
Armor: Leather armour    ||     3
Dodge: Dodged            ||     4

Levels and vault maps discovered:
D:5:      layout_rooms, nicolae_sif_muna_condensation,
          minmay_temple_entry_junction, kennysheep_another_room
D:6:      layout_rooms, gammafunk_ghost_gnarly_gnolls
D:7:      layout_basic
D:8:      layout_basic, minmay_bent, uniq_harold, uniq_grum

Notes
Turn   | Place    | Note
-------+----------+-------------------------------------------
     0 | D:5      | spaghetti the Mummy Delver began the quest for the Orb.
     0 | D:5      | Reached XP level 1. HP: 18/18 MP: 1/1
     0 | D:5      | magus.rc [v1.9.6]
   127 | D:5      | Found a shimmering blue altar of Sif Muna.
   127 | D:5      | Noticed a water moccasin
   168 | D:6      | Noticed a hornet zombie
   168 | D:6      | Noticed a water moccasin
   241 | D:8      | HP: 3/18 [white imp (2)]
   242 | D:8      | HP: 1/18 [white imp (2)]
   242 | D:8      | Slain by a white imp

Vanquished Creatures
  An orc (D:5)
1 creature vanquished.

Table legend:
 A = Non-vault XP
 B = Vault XP
 C = Vault XP percentage of total XP
 D = Non-vault monster count
 E = Vault monster count
 F = Vault count percentage of total count
                 A         B        C        D         E       F
            +---------+---------+-------+---------+---------+-------
      Total |       3 |       0 |   0.0 |       1 |       0 |   0.0
            +---------+---------+-------+---------+---------+-------
        D:5 |       3 |       0 |   0.0 |       1 |       0 |   0.0
            +---------+---------+-------+---------+---------+-------

Illustrated notes

Table legend:
 A = Kills in this place as a percentage of kills in entire the game.
 B = Kills by you in this place as a percentage of kills by you in the entire game.
 C = Kills by friends in this place as a percentage of kills by friends in the entire game.
 D = Other kills in this place as a percentage of other kills in the entire game.
 E = Experience gained in this place as a percentage of experience gained in the entire game.
 F = Experience gained in this place divided by the number of levels of this place that you have seen.
                   A       B       C       D       E      F
               +-------+-------+-------+-------+-------+----------------------
         Total | 100.0 | 100.0 |   N/A |   N/A | 100.0 |   0.8
       Dungeon | 100.0 | 100.0 |   N/A |   N/A | 100.0 |   0.8
               +-------+-------+-------+-------+-------+----------------------

Table legend: (Time is in decaauts)
 A = Elapsed time spent in this place.
 B = Non-inter-level travel time spent in this place.
 C = Inter-level travel time spent in this place.
 D = Time resting spent in this place.
 E = Time spent auto-exploring this place.
 F = Levels seen in this place.
 G = Mean time per level.
                   A        B        C        D        E       F      G
               +--------+--------+--------+--------+--------+-----+--------+
         Total |    243 |    243 |      0 |      0 |    178 |   4 |   60.8 |
       Dungeon |    243 |    243 |      0 |      0 |    178 |   4 |   60.8 |
               +--------+--------+--------+--------+--------+-----+--------+

Top non-repeatable levels by time:
     D:5: 169 daAuts
     D:7: 62 daAuts
     D:8: 9 daAuts
     D:6: 2 daAuts
